AoeStats
← juanse071213

Arena

510444289Analyzed
3v3 RM · 21h ago on Oct 1, 2026· 23m 6s· 6 players
Game mode
Random Map
Map size
Normal (6 player)
Population
200
Speed
Normal
Resources
Standard
Victory
Conquest
Starting age
Dark Age
Ending age
Imperial Age
RankedLock teamsTeams togetherTeam positionsShared explorationLock speedFull tech treeHidden civsTurbo modeCheats
Victory
Defeat
🇦🇷 Mongols · Argentina
1098
+9
🇦🇷 Cumans · Argentina
973
+14
🇦🇷 Armenians · Argentina
868
+19
🇪🇨 Romans · Ecuador
957
-15
🇨🇴 Spanish · Colombia
951
-15
🇨🇴 Hindustanis · Colombia
896
-12
Manzur1995
11:42 Feudal Age
12:16 Double-Bit Axe
sebastian susa
11:11 Feudal Age
15:58 Castle Age
14:46 Horse Collar
17:06 Wheelbarrow
16:32 Town Watch
18:41 Loom
22:24 Hand Cart
juanse071213
0:44 Loom
1:54 Loom
11:27 Feudal Age
15:43 Castle Age
14:57 Double-Bit Axe
18:05 Forging
TheMandalorian
8:18 Loom
10:09 Feudal Age
RICARDO CARUSO LOMBARDI
10:23 Feudal Age
10:37 Man-at-Arms
13:25 Scale Mail Armor
14:45 Long Swordsman
21:30 Forging
21:59 Arson
[Pepe Saint] Nachorga
11:30 Feudal Age
15:31 Castle Age
13:16 Horse Collar
14:19 Double-Bit Axe
16:35 Bow Saw
16:27 Heavy Plow
20:52 Loom
21:22 Fletching
22:41 Padded Archer Armor
Connection lost

Rejoining the realm…

Still unreachable

The connection could not be restored.

Session expired

The server has moved on; the page needs a fresh start.